 Dungeon Crawl Stone Soup version 0.27.1 (webtiles) character file.

Game seed: 14574996764709694710

1577 acemry the Cleaver (level 8, -2/64 HPs)
             Began as a Minotaur Fighter on Sept 4, 2021.
             Was a Follower of Okawaru.
             Slain by a steam dragon (8 damage)
             ... on level 6 of the Dungeon.
             The game lasted 00:08:59 (5254 turns).

acemry the Cleaver (Minotaur Fighter)               Turns: 5254, Time: 00:08:59

Health: -2/64      AC: 15    Str: 22    XL:     8   Next: 60%
Magic:  7/7        EV:  9    Int:  5    God:    Okawaru [*.....]
Gold:   324        SH:  4    Dex: 11    Spells: 7/7 levels left

rFire    . . .     SeeInvis .   a - +1 war axe (protect)
rCold    . . .     Faith    .   h - +0 buckler
rNeg     . . .     Spirit   .   b - +0 scale mail
rPois    .         Reflect  .   (helmet restricted)
rElec    .         Harm     .   m - +0 cloak
rCorr    .         Rampage  .   (no gloves)
Will     .....                  (no boots)
Stlth    ..........             t - amulet of regeneration
HPRegen  1.20/turn              (no ring)
MPRegen  0.10/turn              (no ring)

@: under a protective aura
A: horns 2, retaliatory headbutt
a: Renounce Religion, Heroism


You were on level 6 of the Dungeon.
You worshipped Okawaru.
Okawaru was aware of your devotion.
You visited 2 branches of the dungeon, and saw 7 of its levels.

You collected 324 gold pieces.

Inventory:

Hand Weapons
 a - a +1 war axe of protection (weapon)
Missiles
 f - 12 poisoned darts (quivered)
 s - 18 bolts
Armour
 b - a +0 scale mail (worn)
 c - a +0 kite shield
 h - a +0 buckler (worn)
 m - a +0 cloak (worn)
Jewellery
 n - an amulet of the acrobat
 t - an amulet of regeneration (around neck)
Wands
 i - a wand of acid (11)
 u - a wand of paralysis (5)
Scrolls
 p - a scroll of fog
 q - a scroll of brand weapon
 v - a scroll of blinking
Potions
 d - a potion of might
 g - 2 potions of cancellation
 j - a potion of lignification {unknown}
 k - a potion of brilliance {unknown}
 l - 2 potions of haste
 o - a potion of attraction {unknown}
 r - 2 potions of curing


   Skills:
 - Level 3.6 Fighting
 + Level 12.7 Axes
 - Level 3.6 Armour
 - Level 4.0 Shields


You had 7 spell levels left.
You didn't know any spells.
Your spell library contained the following spells:

 Spells                   Type           Power      Damage    Failure   Level
 Foxfire                  Conj/Fire      0%         2x1d4     80%         1
 Conjure Flame            Conj/Fire      0%         6-21      99%         3
 Inner Flame              Hex/Fire       0%         N/A       99%         3


Dungeon Overview and Level Annotations

Branches:
Dungeon (6/15)             Temple (1/1) D:5

Altars:
Ashenzari
Cheibriados
Dithmenos
Elyvilon
Fedhas
Gozag
Hepliaklqana
Kikubaaqudgha
Makhleb
Okawaru
Qazlal
Ru
Sif Muna
Trog
Uskayaw
Vehumet
Wu Jian
Xom
Yredelemnul
Zin
The Shining One
Beogh


Innate Abilities, Weirdness & Mutations

You have a pair of horns on your head.
You reflexively headbutt those who attack you in melee.


Message History

You slash the steam dragon!
The steam dragon is heavily wounded.
You hit the orc warrior but do no damage.
The steam dragon bites you but does no damage.
The steam dragon claws you but does no damage.
The orc warrior barely misses you.
You barely miss the steam dragon.
The steam dragon is heavily wounded.
You slash the orc warrior! You block the steam dragon's attack.
The steam dragon closely misses you.
The orc warrior hits you with a +0 glaive!
* * * LOW HITPOINT WARNING * * *
Your scale mail prevents you from hitting the orc warrior.
The orc warrior is almost dead.
You hit the steam dragon but do no damage.
The steam dragon closely misses you. The steam dragon claws you.
* * * LOW HITPOINT WARNING * * *
You block the orc warrior's attack.
You feel much better. You block the steam dragon's attack.
The steam dragon claws you but does no damage.
The orc warrior hits you with a +0 glaive!
* * * LOW HITPOINT WARNING * * *
You closely miss the orc warrior. Your headbutt misses the orc warrior.
The orc warrior is almost dead.
You hit the steam dragon. The steam dragon breathes steam at you.
The ball of steam hits you!
* * * LOW HITPOINT WARNING * * *
The orc warrior closely misses you. You furiously retaliate!
You headbutt the orc warrior, but do no damage.
You slash the orc warrior!
You kill the orc warrior!
Okawaru accepts your kill.
You slash the adder!
You kill the adder!
Okawaru accepts your kill.
You barely miss the steam dragon.
You are engulfed in a cloud of scalding steam.
The steam dragon bites you!
You die...

## ###. ### ###...
##.## ##.....
##...## #......
##.....## ##.....
#..))#..## #......
#D@ยง###..####>.#...
#..)####...##...##..
#...##
#.....#..##### #....
#..[.....# # #....
##.......# #.....
#.......# #......
##.......# .......
#........#
##........#


You could see a steam dragon (catching breath).

Vanquished Creatures
  Sigmund (D:2)
  An orc warrior (D:6)
  A necrophage (D:4)
  A black bear (D:4)
  2 ogres
  A centaur (D:5)
  A phantom (D:5)
  2 scorpions
  A water moccasin zombie (D:5)
  3 water moccasin skeletons (D:5)
  A bullfrog zombie (D:5)
  A hound (D:4)
  3 orc priests
  Natasha (thrice) (D:2)
  An iguana (D:5)
  5 orc wizards
  2 hound skeletons (D:4)
  3 adders
  A gnoll (D:4)
  An adder skeleton (D:4)
  2 worms
  3 dart slugs
  38 orcs
  11 ball pythons
  8 endoplasms
  6 giant cockroaches
  8 hobgoblins
  7 jackals (D:2)
  5 kobolds
  2 quokkas
  5 bats
  3 frilled lizards (D:1)
  8 goblins
  7 rats
148 creatures vanquished.

Vanquished Creatures (others)
  A wizard (D:4)
1 creature vanquished.

Grand Total: 149 creatures vanquished

Notes
Turn   | Place    | Note
-------+----------+-------------------------------------------
     0 | D:1      | acemry the Minotaur Fighter began the quest for the Orb.
     0 | D:1      | Reached XP level 1. HP: 19/19 MP: 0/0
    15 | D:1      | Noticed a bullfrog
    62 | D:1      | Reached skill level 3 in Axes
   154 | D:1      | Reached XP level 2. HP: 26/26 MP: 1/1
  1019 | D:2      | Found a faded altar of an unknown god.
  1026 | D:2      | Reached skill level 4 in Axes
  1026 | D:2      | Reached XP level 3. HP: 30/31 MP: 2/2
  1026 | D:2      | Noticed Natasha
  1035 | D:2      | Killed Natasha
  1047 | D:2      | Reached skill level 5 in Axes
  1105 | D:2      | Noticed Natasha
  1110 | D:2      | Killed Natasha
  1111 | D:2      | Reached XP level 4. HP: 39/39 MP: 3/3
  1122 | D:2      | Noticed a scorpion
  1129 | D:2      | Killed a scorpion
  1130 | D:2      | Reached skill level 6 in Axes
  1130 | D:2      | Reached XP level 5. HP: 40/45 MP: 4/4
  1133 | D:2      | Noticed Natasha
  1138 | D:2      | Killed Natasha
  1605 | D:2      | Noticed Sigmund
  1615 | D:2      | Killed Sigmund
  1616 | D:2      | Reached skill level 8 in Axes
  1616 | D:2      | Reached XP level 6. HP: 31/51 MP: 5/5
  2788 | D:4      | Reached skill level 9 in Axes
  2788 | D:4      | Reached XP level 7. HP: 57/57 MP: 6/6
  2992 | D:4      | Reached skill level 10 in Axes
  3126 | D:4      | Found a bloodstained altar of Trog.
  3127 | D:4      | Noticed a wizard
  3132 | D:4      | Killed a wizard
  3449 | D:5      | Entered Level 5 of the Dungeon
  3731 | D:5      | Reached skill level 11 in Axes
  3739 | D:5      | Reached XP level 8. HP: 64/64 MP: 7/7
  3861 | D:5      | Found a runed translucent door.
  3935 | D:5      | Found a staircase to the Ecumenical Temple.
  3954 | Temple   | Entered the Ecumenical Temple
  4020 | Temple   | Became a worshipper of Warmaster Okawaru
  4412 | D:5      | Reached skill level 12 in Axes
  4576 | D:5      | Found a blossoming altar of Fedhas.
  4576 | D:5      | Found an ancient bone altar of Kikubaaqudgha.
  4576 | D:5      | Found a shimmering altar of Xom.
  4576 | D:5      | Found a basalt altar of Yredelemnul.
  4582 | D:5      | Found a snail-covered altar of Cheibriados.
  4582 | D:5      | Found a broken altar of Ashenzari.
  5242 | D:6      | Reached * piety under Okawaru
  5254 | D:6      | Slain by a steam dragon

Illustrated notes

Levels and vault maps discovered:
D:1:      evilmike_arrival_come_back, layout_basic, grunt_decor_fettered
D:2:      layout_rooms, basic_ecumenical_altar, hangedman_decor_clover_reticule,
          uniq_sigmund, uniq_natasha
D:3:      layout_loops_ring
D:4:      minmay_opposing_rooms, layout_rooms, trog_wizard
D:5:      layout_layer_cave, minmay_overflow_temple_hex,
          minmay_temple_entry_slanted, hangedman_abyss_or_decor_stabs,
          lightli_church_of_beogh
D:6:      layout_cave_pods
Temple:   eino_temple_water

Skill      XL: |  1  2  3  4  5  6  7  8 |
---------------+-------------------------+-----
Axes           | 3 4 5 6 8 9 11 12 | 12.7
Shields        | 4 |  4.0
Fighting       | |  3.6
Armour         | |  3.6

Action                   |  1- 3 |  4- 6 |  7- 9 || total
-------------------------+-------+-------+-------++-------
Melee: War axe           |    63 |    71 |   155 ||   289
       Headbutt          |     6 |    12 |    23 ||    41
  Use: Scroll            |     3 |     2 |     8 ||    13
       Potion            |       |       |     2 ||     2
Armor: Scale mail        |    36 |    28 |    71 ||   135
Dodge: Dodged            |    41 |    21 |    85 ||   147
Block: Buckler           |    12 |    15 |    28 ||    55
